 Dungeon Crawl Stone Soup version 0.31-a0-261-g072fdb8a1f (webtiles) character file.

Game seed: 7377551956714029485

2223 gruber the Grappler (level 9, -4/121 HPs)
             Began as a Troll Shapeshifter on July 13, 2023.
             Slain by an acid dragon (7 damage)
             ... on level 7 of the Dungeon.
             The game lasted 00:05:24 (4987 turns).

gruber the Grappler (Troll Shapeshifter)            Turns: 4987, Time: 00:05:25

Health: -4/121     AC:  8    Str: 29    XL:     9   Next: 13%
Magic:  8/8        EV:  1    Int:  4    God:
Gold:   276        SH:  0    Dex: 10    Spells: 8/8 levels left

rFire   . .          .
                       - Unarmed
rCold   . . .        (no shield)
rNeg    . . .        l - melded +1 robe {Will+}
rPois   +            (helmet currently unavailable)
rElec   .            C - melded +1 cloak {rPois}
rCorr   .            (gloves unavailable)
SInv    .            (boots unavailable)
Will    .....        (no amulet)
Stlth   +            (no ring)
HPRegen 1.20/turn    (no ring)
MPRegen 0.11/turn

%: no passive effects
@: tree-form, corroded
A: stationary, stasis, torment immunity, boosted hp, large, unfitting armour,
(claws 3), regeneration 1, (shaggy fur 1), (tough skin 1)
a: no special abilities


You were on level 7 of the Dungeon.
You were a tree.
You visited 1 branch of the dungeon, and saw 7 of its levels.

You collected 276 gold pieces.

Inventory:

Armour
 l - a +1 robe of willpower (melded)
 C - a +1 cloak of poison resistance (melded)
Talismans
 c - a beast talisman
 h - a blade talisman
Wands
 w - a wand of flame (12)
 x - a wand of acid (10)
 z - a wand of mindburst (8)
 B - a wand of polymorph (8)
Scrolls
 d - a scroll of fear {unknown}
 e - 4 scrolls of teleportation {unknown}
 k - 2 scrolls of noise {unknown}
 p - 3 scrolls of immolation {unknown}
 q - a scroll of enchant weapon {unknown}
 s - 2 scrolls of identify {unknown}
 t - 3 scrolls of vulnerability {unknown}
 u - a scroll of brand weapon {unknown}
 v - 2 scrolls of revelation {unknown}
 y - a scroll of enchant armour {unknown}
 A - a scroll of silence {unknown}
Potions
 a - a potion of enlightenment {unknown}
 b - 2 potions of lignification
 f - a potion of cancellation {unknown}
 g - a potion of invisibility {unknown}
 i - 5 potions of heal wounds {unknown}
 j - 2 potions of haste {unknown}
 m - a potion of might
 o - a potion of curing {unknown}
 r - a potion of attraction {unknown}


   Skills:
 * Level 3.0 Fighting
 - Level 1.5 Dodging
 - Level 9.2 Unarmed Combat
 - Level 7.0 Shapeshifting


You had 8 spell levels left.
You didn't know any spells.
Your spell library contained the following spells:

 Spells                   Type           Power      Damage    Failure   Level
 Slow                     Hex            0%         N/A       50%         1
 Confusing Touch          Hex            0%         N/A       86%         3
 Ignite Poison            Fire/Tmut/Pois 0%         N/A       86%         3
 Vampiric Draining        Necr           0%         2d6       86%         3
 Sticky Flame             Conj/Fire      0%         2d3       99%         4
 Iskenderun's Battlesphe  Conj           0%         2d6       100%        5
 Leda's Unmaking          Conj/Erth      0%         9d1       100%        6
 Spellforged Servitor     Conj/Summ      0%         N/A       100%        7
 Ignition                 Fire           0%         3d3       100%        8


Dungeon Overview and Level Annotations

Branches:
Dungeon (7/15)             Temple (0/1) D:5

Altars:
Dithmenos
Hepliaklqana
Okawaru
Sif Muna
Yredelemnul


Innate Abilities, Weirdness & Mutations

You are a tree.
Your roots penetrate the ground, keeping you stationary.
You cannot be teleported.
You are immune to unholy pain and torment.
Your maximum health is greatly increased.
Your equipment is partially melded.
You are too large for most types of armour.
((You have claws for hands.))
Your natural rate of healing is unusually fast.
((You are covered in fur. (AC +1)))
((You have tough skin. (AC +1)))


Message History

The acid dragon claws you but does no damage.
You hit the acid dragon. Your punch misses the acid dragon.
The acid dragon is lightly wounded.
The acid dragon bites you.
The acid dragon claws you but does no damage.
The acid dragon spits acid at you. The splash of acid hits you!!
* * * LOW HITPOINT WARNING * * *
The acid corrodes you!
You hear an angry buzzing noise.
You hear an angry growl.
Unknown command.
You hit the acid dragon but do no damage.
The acid dragon is lightly wounded.
The acid dragon bites you.
* * * LOW HITPOINT WARNING * * *
The acid dragon claws you.
* * * LOW HITPOINT WARNING * * *
The acid dragon bites you.
* * * LOW HITPOINT WARNING * * *
The acid dragon claws you but does no damage.
Unknown command.
You hit the acid dragon but do no damage.
The acid dragon is lightly wounded.
You hit the acid dragon.
The acid dragon is moderately wounded.
The acid dragon bites you.
* * * LOW HITPOINT WARNING * * *
The acid dragon claws you but does no damage.
The acid dragon bites you.
* * * LOW HITPOINT WARNING * * *
The acid dragon claws you but does no damage.
Unknown command.
Unknown command.
You closely miss the acid dragon.
The acid dragon is moderately wounded.
The acid dragon bites you!
* * * LOW HITPOINT WARNING * * *
The acid dragon claws you but does no damage.
The acid dragon bites you!
You die...

|#. oo T[ # ##. D
#. ###.### .#
#..#.....###D#
#..#....♣#oo.#
#.......DDTg# #
..#.....###...#
..# #.....# ###
....###.#####.##
......[.........
.............##.
#########........
#........########


You could see a troll, 2 acid dragons and a gnoll bouda.

Vanquished Creatures
  Sigmund (D:2)
  Menkaure (D:6)
  A steam dragon (D:6)
  A water moccasin (D:5)
  A black bear (D:6)
  An ice beast (D:6)
  3 ogres
  2 centaurs
  4 scorpions
  3 wights (D:6)
  An electric eel (D:6)
  A howler monkey (D:6)
  A jelly (D:5)
  Crazy Yiuf (D:6)
  4 hounds
  2 orc priests
  3 sleepcaps
  Terence (D:2)
  An orc wizard (D:4)
  2 iguanas
  Robin (D:2)
  10 adders
  An ufetubus (D:6)
  3 worms
  4 dart slugs
  16 orcs
  7 bats
  5 endoplasms
  4 giant cockroaches
  12 goblins
  11 hobgoblins
  11 jackals
  5 quokkas
  12 ball pythons
  7 frilled lizards
  3 kobolds
  5 rats
  A spectral hobgoblin (D:6)
153 creatures vanquished.

Vanquished Creatures (others)
  2 orcs (D:6)
2 creatures vanquished.

Grand Total: 155 creatures vanquished

Notes
Turn   | Place    | Note
-------+----------+-------------------------------------------
     0 | D:1      | gruber the Troll Shapeshifter began the quest for the Orb.
     0 | D:1      | Reached XP level 1. HP: 19/19 MP: 0/0
    75 | D:1      | Reached XP level 2. HP: 27/27 MP: 1/1
    85 | D:1      | Reached skill level 3 in Unarmed Combat
   304 | D:1      | Reached XP level 3. HP: 33/33 MP: 2/2
   596 | D:2      | Noticed Terence
   603 | D:2      | Killed Terence
   604 | D:2      | Reached skill level 4 in Unarmed Combat
   714 | D:2      | Reached XP level 4. HP: 41/41 MP: 3/3
   913 | D:2      | Noticed Sigmund
   983 | D:2      | Killed Sigmund
   984 | D:2      | Reached skill level 6 in Unarmed Combat
   984 | D:2      | Reached XP level 5. HP: 48/48 MP: 4/4
  1192 | D:2      | Reached XP level 6. HP: 54/55 MP: 5/5
  1276 | D:2      | Noticed Robin
  1290 | D:2      | Killed Robin
  1605 | D:2      | Identified the +2 robe of Wugi {rCorr SInv}
  2136 | D:3      | Reached skill level 7 in Unarmed Combat
  2160 | D:3      | Found a basalt altar of Yredelemnul.
  2253 | D:3      | Found a shadowy altar of Dithmenos.
  2663 | D:4      | Reached XP level 7. HP: 60/62 MP: 6/6
  3254 | D:5      | Entered Level 5 of the Dungeon
  3254 | D:5      | Found a staircase to the Ecumenical Temple.
  3261 | D:5      | Reached skill level 8 in Unarmed Combat
  3597 | D:5      | Reached skill level 9 in Unarmed Combat
  3722 | D:5      | Reached XP level 8. HP: 70/70 MP: 7/7
  4029 | D:6      | Reached skill level 5 in Shapeshifting
  4297 | D:6      | Noticed Menkaure
  4301 | D:6      | Reached XP level 9. HP: 76/76 MP: 8/8
  4306 | D:6      | Killed Menkaure
  4461 | D:6      | Found a runed translucent door.
  4462 | D:6      | Noticed Crazy Yiuf
  4581 | D:6      | Found an iron altar of Okawaru.
  4744 | D:6      | Found a hazy altar of Hepliaklqana.
  4773 | D:6      | Found a shimmering blue altar of Sif Muna.
  4876 | D:6      | Killed Crazy Yiuf
  4970 | D:7      | Noticed a troll
  4970 | D:7      | Found the +10 Black Knight's barding {ponderous, rPois rN+}
  4987 | D:7      | HP: 3/121 [acid dragon (10)]
  4987 | D:7      | Slain by an acid dragon

Illustrated notes

Levels and vault maps discovered:
D:1:      shiori_arrival_oz, layout_basic
D:2:      wad_river_or_something, layout_basic, uniq_terence, uniq_sigmund,
          uniq_robin
D:3:      layout_loops_ring, nicolae_dithmenos_through_a_glass_darkly,
          mainiacjoe_overflow_six_doors_small
D:4:      layout_loops_corners
D:5:      layout_basic, minmay_temple_entry_overgrown
D:6:      layout_basic, lemuel_doored_altar, nicolae_sif_muna_little_library,
          nicolae_hepliaklqana_monster_ancestors, hangedman_decor_slide_cut,
          nicolae_kite_square_tiling_tiny, uniq_crazy_yiuf_cottage,
          uniq_menkaure
D:7:      minmay_the_grid_square_5x5_3x3 [minmay_the_grid_square_5x5_empty,
          minmay_the_grid_square_5x5_longway, minmay_the_grid_square_5x5_z,
          minmay_the_grid_square_5x5_broken_cross,
          minmay_the_grid_square_5x5_megaprize_diamond,
          minmay_the_grid_square_5x5_six,
          minmay_the_grid_square_5x5_half_checkered,
          minmay_the_grid_square_5x5_bite,
          minmay_the_grid_square_5x5_pentomino_r], layout_gridville,
          mainiacjoe_overflow_chevrons, nrook_mini_vaults

Skill      XL: |  1  2  3  4  5  6  7  8  9 |
---------------+----------------------------+-----
Unarmed Combat | 3 4 6 7 9 |  9.2
Shapeshifting  | 7 |  7.0
Fighting       | 3 |  3.0
Dodging        | |  1.5

Action                     |  1- 3 |  4- 6 |  7- 9 || total
---------------------------+-------+-------+-------++-------
  Melee: Unarmed           |    94 |   146 |   140 ||   380
         Punch             |     2 |     6 |     6 ||    14
    Use: Potion            |       |       |     1 ||     1
   Stab: Sleeping          |     1 |       |       ||     1
 Armour: Animal skin       |    38 |     1 |       ||    39
         Robe              |       |    33 |    38 ||    71
         Skin              |       |       |    16 ||    16
  Dodge: Dodged            |    45 |    52 |    41 ||   138
         Form:             |       |     1 |     1 ||     2
         Beast             |       |     1 |     1 ||     2

Table legend: (Time is in decaauts)
 A = Elapsed time spent in this place.
 B = Non-inter-level travel time spent in this place.
 C = Inter-level travel time spent in this place.
 D = Time resting spent in this place.
 E = Time spent auto-exploring this place.
 F = Levels seen in this place.
 G = Mean time per level.
                   A        B        C        D        E       F      G
               +--------+--------+--------+--------+--------+-----+--------+
         Total |   4939 |   4569 |    370 |     53 |   3677 |   7 |  705.6 |
       Dungeon |   4939 |   4569 |    370 |     53 |   3677 |   7 |  705.6 |
               +--------+--------+--------+--------+--------+-----+--------+

Top non-repeatable levels by time:
     D:2: 1154 daAuts
     D:6: 995 daAuts
     D:4: 890 daAuts
     D:3: 665 daAuts
     D:1: 622 daAuts
     D:5: 580 daAuts
     D:7: 30 daAuts
